rsa, neutral male human Tourist -------- |......| --------- ##.......| #........| # |......| #%#|.....<.| ------------- #)# |......|#####-.......| |`.........`| # |....^..# # -----.--- |.....`.....|### ---.----# ) ## |...-----...|# ## # # # |.....[.|...|# # # # ### |..`|(@{|`..+##### ### # # # |...|@uu|...|## # # ### ### |...-----...|################# # ------ #|...........| # ------+--### ---------.---- |....| ###|`.........`| ### |.......|# # |.>..........| |....| # ------------- # |........####-............| |....+#### ##........| |............| ------ --------- -------------- rsa the Excursionist Experience level: 6 Strength: 25 Dexterity: 12 Constitution: 13 Intelligence: 14 Wisdom: 10 Charisma: 16 Health: 37(37) Energy: 20(20) Def: 13 Gold: 54 Moves: 1506 Dungeon seed: Ltm61--zqpOiGRdX Game ID: rsa_1559568588 Your Inventory: Coins $ - 54 gold pieces Weapons a - 8 uncursed +2 darts (in quiver) F - 2 uncursed +0 daggers J - 3 uncursed +0 knives K - 7 cursed -3 darts of lightning L - an uncursed +0 knife of lightning S - an uncursed +0 dart Armor e - an uncursed +4 Hawaiian shirt (being worn) r - an uncursed +0 pair of gauntlets of power (being worn) y - an uncursed +0 splint mail (being worn) z - an uncursed +0 dwarvish cloak (being worn) N - an uncursed +0 pair of iron shoes (being worn) Comestibles b - an uncursed food ration d - 2 uncursed eggs g - 3 uncursed tripe rations W - an uncursed partly eaten food ration Rings I - a cursed -1 ring of searching (on left hand) Wands G - a blessed wand of cold (0:8) Tools l - an uncursed credit card m - an uncursed expensive camera (0:37) n - an uncursed leash (in use) q - an uncursed towel Gems Y - 2 uncursed worthless pieces of yellowish brown glass Spells and supernatural/magical abilities: Name Level Category Cost Memory a - force bolt 1 attack 1000pw 100% W - pray for help -- divine ? -- Your skills at the end: Fighting Skills wands [Basic] Weapon Skills dart [Basic] Spellcasting Skills Final Attributes: You were piously aligned. You were poison resistant. You had automatic searching. The Lady was noncommittal. You are dead. Vanquished creatures: a leprechaun a giant spider a lizard a gnome mummy a fire ant 3 Mordor orcs an orc shaman a floating eye a kitten a dwarf 6 killer bees a hobbit 2 giant rats a cave spider 2 jackals a fox 2 goblins 2 sewer rats 6 grid bugs a bat 2 lichens 3 newts 41 creatures vanquished. Voluntary challenges: You were an atheist. You never hit with a wielded weapon. You read items or engraved 15 times, starting on turn 818. You never genocided any monsters. You never polymorphed an object. You never changed form. You used no wishes. You never split a pudding. You never wrote Elbereth's name. You never violated your personal moral code. Dungeon overview: The Dungeons of Doom: levels 1 to 9 Level 1 some fountains a long staircase Level 2 Level 3 a scroll shop a long staircase Level 4 a general store, a fountain Level 5 some fountains, a sink Level 6 Level 7 an altar to Offler, some fountains Level 8 a general store, a fountain Level 9 <- You were here many fountains History has recorded: On T:1 you entered the Dungeons of Doom to retrieve the Amulet of Yendor! On T:75 you reached level 2 of The Dungeons of Doom. On T:423 you reached level 3 of The Dungeons of Doom. On T:500 you advanced to experience level 2. On T:1020 you reached level 4 of The Dungeons of Doom. On T:1044 you reached level 5 of The Dungeons of Doom. On T:1193 you reached level 6 of The Dungeons of Doom. On T:1237 you advanced to experience level 3. On T:1298 you reached level 7 of The Dungeons of Doom. On T:1315 you advanced to experience level 4. On T:1354 you reached level 8 of The Dungeons of Doom. On T:1374 you advanced to experience level 5. On T:1379 you reached level 9 of The Dungeons of Doom. On T:1407 you advanced to experience level 6. On T:1485 you received advice from The Oracle Score breakdown: Gold: 0 ( 0 points) Experience: 6 levels (12456 points) Exploration: 9 levels ( 19.57%) (12649 points) Discoveries: 25 items ( 8.25%) ( 8617 points) Valuables value: (no points given unless you survive) Artifact value: 0 ( 0 points) Variety of kills: 22 monsters ( 5.79%) ( 7218 points) Turncount: 1506 turns ( 0 points) Survival: died (score multiplied by 80%) Total score: 32752 Latest messages: The horse displaces the Oracle. You finish eating the food ration. Poni displaces the Oracle. The horse displaces the Oracle. [5 turns] The horse displaces the Oracle. The horse picks up an uncursed lamp (lit). You're having a hard time getting all of it down. The horse drops an uncursed lamp (lit). [3 turns] You finish eating the food ration. [5 turns] You choke over it. You die... Final status: Aloha rsa the Tourist, choked on a quick snack... You choked in The Dungeons of Doom on dungeon level 9 with 32752 points, and 54 pieces of gold, after 1506 moves. You were level 6 with a maximum of 37 hit points when you choked.